[Event "Blitz 2018"]
[Site "Saint-Petersburg"]
[Date "2018.12.30"]
[Round "17.22"]
[White "Drozdova Dina (RUS)"]
[Black "Vega Gutierrez Sabrina (ESP)"]
[Result "0-1"]
[ECO "D31"]
[WhiteElo "2046"]
[BlackElo "2221"]
[PlyCount "118"]
[EventDate "2018.??.??"]
[TimeControl "240+45"]
[WhiteClock "0:00:10"]
[BlackClock "0:00:09"]

1. d4 d5 2. c4 e6 3. Nc3 c6 4. cxd5 exd5 5. Nf3 Bd6 6. Bg5 Ne7 7. e3 f6 8. Bh4
O-O 9. Bg3 Bf5 10. Nh4 Be6 11. Bd3 Na6 12. a3 Nc7 13. Qc2 f5 14. Nf3 Ng6 15.
Na4 Qe7 16. Bxd6 Qxd6 17. Nc5 b6 18. Nb3 Bd7 19. Rc1 Rae8 20. O-O Kh8 21. Nbd2
a5 22. Qc3 Qf6 23. b4 a4 24. b5 Nxb5 25. Bxb5 cxb5 26. Qc7 Rf7 27. Ne5 Nxe5 28.
dxe5 Qxe5 29. Qxe5 Rxe5 30. Nf3 Re8 31. Nd4 f4 32. Rc7 fxe3 33. fxe3 Rxf1+ 34.
Kxf1 Rd8 35. Kf2 Kg8 36. Rb7 Kf7 37. Rxb6 Rc8 38. Nxb5 Rc2+ 39. Kf3 Ke7 40. Nd4
Rc3 41. Rb7 Rxa3 42. Ra7 Kd6 43. h3 Ra1 44. Ne2 Bb5 45. Nf4 Bd7 46. Ra5 Bc6 47.
Nd3 d4+ 48. e4 Ra3 49. Ke2 Bxe4 50. Nc5 Bc6 51. Kd2 Ra2+ 52. Kd3 a3 53. Kxd4
Rd2+ 54. Ke3 Rxg2 55. Nd3 Rg3+ 56. Kd4 Rxh3 57. Rxa3 Bb5 58. Ra7 Rxd3+ 59. Ke4
Rg3 {Ke5+ Kxe5} 0-1

[Event "Blitz 2018"]
[Site "Saint-Petersburg"]
[Date "2018.12.30"]
[Round "17.23"]
[White "Buksa Nataliya (UKR)"]
[Black "Gvanceladze Anna (RUS)"]
[Result "1-0"]
[ECO "B13"]
[WhiteElo "2401"]
[BlackElo "2142"]
[PlyCount "82"]
[EventDate "2018.??.??"]
[TimeControl "240+40"]
[WhiteClock "0:00:45"]
[BlackClock "0:00:03"]

1. e4 c6 2. d4 d5 3. exd5 cxd5 4. c3 Nc6 5. Nf3 Nf6 6. Bd3 Bg4 7. h3 Bh5 8.
Nbd2 e6 9. Nf1 Bd6 10. Ng3 Bg6 11. Bxg6 hxg6 12. Bg5 Qc7 13. Bxf6 gxf6 14. Ne2
b5 15. Qd3 Rb8 16. O-O Kf8 17. b4 Kg7 18. a4 a6 19. axb5 axb5 20. Nd2 Ne7 21.
f4 e5 22. fxe5 fxe5 23. dxe5 Bxe5 24. Nf3 Bf6 25. Ned4 Qc4 26. Qd2 Rhc8 27. Ra6
Qxc3 28. Rxf6 Kxf6 29. Qg5+ Kg7 30. Qxe7 Re8 31. Qd7 Qxb4 32. Qg4 Re4 33. Qg3
Rbe8 34. Nf5+ Kg8 35. Nd6 Qc5+ 36. Kh2 b4 37. Nxe8 Rxe8 38. Ng5 Re7 39. Qh4
Qd6+ 40. Kh1 b3 41. Qh7+ Kf8 1-0

[Event "Blitz 2018"]
[Site "Saint-Petersburg"]
[Date "2018.12.30"]
[Round "17.24"]
[White "Dzagnidze Nana (GEO)"]
[Black "Tokhirjonova Gulrukhbegim (UZB"]
[Result "1-0"]
[ECO "A40"]
[WhiteElo "2580"]
[BlackElo "2200"]
[PlyCount "117"]
[EventDate "2018.??.??"]
[TimeControl "240+57"]
[WhiteClock "0:00:12"]
[BlackClock "0:00:04"]

1. d4 e6 2. c4 b6 3. Nc3 Bb7 4. e4 Bb4 5. f3 Ne7 6. Bd3 O-O 7. Nge2 e5 8. a3
Bxc3+ 9. bxc3 d6 10. O-O Nd7 11. f4 f6 12. a4 a5 13. Ba3 Ng6 14. f5 Ne7 15. Rb1
exd4 16. cxd4 c5 17. Nf4 Qc8 18. Ne6 Rf7 19. d5 Ba6 20. Be2 Rb8 21. Rb3 Ne5 22.
Qc2 g6 23. Rfb1 b5 24. axb5 Bb7 25. h4 Kh8 26. Rg3 Ra8 27. Rf1 Qd7 28. Bb2 a4
29. Ra3 gxf5 30. exf5 Rg8 31. Rxa4 Nc8 32. Bxe5 fxe5 33. f6 Rg6 34. Bh5 Rgxf6
35. Bxf7 Rxf1+ 36. Kxf1 Qxf7+ 37. Qf2 Qe7 38. Qf8+ Qxf8+ 39. Nxf8 Kg7 40. Ne6+
Kf6 41. g4 e4 42. Ra2 Ke5 43. Rf2 Nb6 44. Rf7 Bc8 45. Rxh7 Nxc4 46. h5 Kxd5 47.
Nc7+ Ke5 48. g5 Bh3+ 49. Ke1 e3 50. Re7+ Kd4 51. g6 Nb2 52. Rxe3 Kxe3 53. g7
Nd3+ 54. Kd1 Bg4+ 55. Kc2 Nb4+ 56. Kb2 Nd3+ 57. Ka1 c4 58. g8=Q Bxh5 59. Qxc4
1-0

[Event "Blitz 2018"]
[Site "Saint-Petersburg"]
[Date "2018.12.30"]
[Round "17.25"]
[White "Danielian Elina (ARM)"]
[Black "Gromova Iulia (RUS)"]
[Result "0-1"]
[ECO "A45"]
[WhiteElo "2390"]
[BlackElo "2176"]
[PlyCount "84"]
[EventDate "2018.??.??"]
[TimeControl "240+34"]
[WhiteClock "0:00:03"]
[BlackClock "0:00:50"]

1. d4 Nf6 2. Bg5 g6 3. Bxf6 exf6 4. e3 d5 5. g3 c6 6. Bg2 Bg7 7. Ne2 Bg4 8. O-O
O-O 9. b3 Nd7 10. Qd3 Bxe2 11. Qxe2 f5 12. Nd2 Nf6 13. c4 Ne4 14. cxd5 Qxd5 15.
Rac1 Rfe8 16. Rc2 Rad8 17. Rfc1 Qa5 18. Nxe4 fxe4 19. Rc5 Qb6 20. Qc2 Bf8 21.
Rc4 f5 22. h4 Ba3 23. Rb1 Bd6 24. h5 Re7 25. b4 a6 26. a4 Ra8 27. Qa2 Kg7 28.
Qb2 Qd8 29. Bf1 gxh5 30. b5 axb5 31. axb5 Rc8 32. Qe2 h4 33. gxh4 Kg8 34. Qh5
Rg7+ 35. Bg2 cxb5 36. Rxc8 Qxc8 37. Kh1 Qc2 38. Qe8+ Bf8 39. Qe6+ Kh8 40. Rg1
Qxf2 41. Qf6 Be7 42. Qh6 Rg4 0-1

[Event "Blitz 2018"]
[Site "Saint-Petersburg"]
[Date "2018.12.30"]
[Round "17.26"]
[White "Semenova Elena (RUS)"]
[Black "Mkrtchian Lilit (ARM)"]
[Result "0-1"]
[ECO "C00"]
[WhiteElo "2069"]
[BlackElo "2341"]
[PlyCount "86"]
[EventDate "2018.??.??"]
[TimeControl "240+28"]
[WhiteClock "0:00:04"]
[BlackClock "0:00:04"]

1. e4 e6 2. d4 d5 3. Bd3 c5 4. exd5 exd5 5. Nf3 Nf6 6. O-O Nc6 7. Re1+ Be7 8.
dxc5 O-O 9. Nc3 Bxc5 10. Bg5 Be6 11. Qd2 Re8 12. h3 h6 13. Bh4 Be7 14. Rad1 a6
15. a3 Rc8 16. Ne5 Nxe5 17. Rxe5 Nd7 18. Bxe7 Qxe7 19. Re2 Nb6 20. Qf4 Qc5 21.
Rde1 Nc4 22. Bxc4 Qxc4 23. Qg3 d4 24. Ne4 Red8 25. Nd6 Qd5 26. Nxc8 Rxc8 27.
Re5 Qc4 28. R5e2 Qb5 29. b3 Rc3 30. Qb8+ Kh7 31. a4 Qf5 32. Qe5 Qg6 33. Qxd4
Bxh3 34. Qe4 Bf5 35. Qf4 Bxc2 36. b4 Bxa4 37. Qe4 f5 38. Qd4 Rc6 39. Re7 Rf6
40. Rc1 Bc6 41. Rxc6 bxc6 42. Ra7 Re6 43. f3 Re2 0-1

[Event "Blitz 2018"]
[Site "Saint-Petersburg"]
[Date "2018.12.30"]
[Round "17.27"]
[White "Dordzhieva Dinara (RUS)"]
[Black "Tsolakidou Stavroula (GRE)"]
[Result "1-0"]
[ECO "A05"]
[WhiteElo "2311"]
[BlackElo "2116"]
[PlyCount "83"]
[EventDate "2018.??.??"]
[TimeControl "240+36"]
[WhiteClock "0:01:12"]
[BlackClock "0:00:04"]

1. Nf3 Nf6 2. g3 d5 3. Bg2 c6 4. c4 Bf5 5. O-O e6 6. b3 Nbd7 7. Bb2 h6 8. d3
Be7 9. Nbd2 O-O 10. Re1 Bg4 11. h3 Bh5 12. Qc2 Bd6 13. e4 dxe4 14. dxe4 e5 15.
Nh4 Ne8 16. Nf5 Bc5 17. Nf1 Nc7 18. N1e3 Ne6 19. Ng4 Qc7 20. Rad1 Bxg4 21. hxg4
Rfd8 22. Bc3 a5 23. Qd2 Ndf8 24. Qb2 f6 25. a3 Rxd1 26. Rxd1 Rd8 27. Re1 g6 28.
Nxh6+ Kh7 29. g5 Nxg5 30. Ng4 Be7 31. Qe2 Nge6 32. Qf3 Kg7 33. Qe3 g5 34. Qf3
Nd4 35. Bxd4 Rxd4 36. Ne3 Rd8 37. Nf5+ Kg6 38. Bh3 Bc5 39. Bg4 Qh7 40. Kg2 Rd2
41. Ne3 Qf7 42. Bh5+ 1-0

[Event "Blitz 2018"]
[Site "Saint-Petersburg"]
[Date "2018.12.30"]
[Round "17.28"]
[White "Styazhkina Anna (RUS)"]
[Black "Haussernot Cecile (FRA)"]
[Result "0-1"]
[ECO "B53"]
[WhiteElo "2137"]
[BlackElo "2233"]
[PlyCount "76"]
[EventDate "2018.??.??"]
[TimeControl "240+57"]
[WhiteClock "0:00:06"]
[BlackClock "0:00:39"]

1. e4 c5 2. Nf3 d6 3. d4 cxd4 4. Qxd4 a6 5. c4 Nc6 6. Qe3 Bg4 7. Be2 Nf6 8. Nc3
e6 9. O-O Be7 10. Rd1 Rc8 11. e5 Nd7 12. exd6 Bf6 13. Ne4 O-O 14. Nxf6+ Qxf6
15. h3 Bf5 16. Nd4 Nxd4 17. Qxd4 e5 18. Qe3 Rc6 19. Qa3 e4 20. Be3 Be6 21. Rac1
Rfc8 22. b3 Qe5 23. Qb4 b6 24. Qd2 Rd8 25. Bf4 Qf5 26. Bg4 Qg6 27. Bxe6 Qxe6
28. Re1 Nc5 29. Rcd1 Qf5 30. Bg3 Nd3 31. Re3 Qg6 32. Qe2 f5 33. f3 Qxg3 34.
fxe4 Nf4 35. Qd2 Qg5 36. Rf3 Rcxd6 37. Qxf4 Rxd1+ 38. Kh2 Qxf4+ 0-1

[Event "Blitz 2018"]
[Site "Saint-Petersburg"]
[Date "2018.12.30"]
[Round "17.29"]
[White "Protopopova Anastasiya (RUS)"]
[Black "Tomilova Elena (RUS)"]
[Result "0-1"]
[ECO "A50"]
[WhiteElo "2046"]
[BlackElo "2202"]
[PlyCount "65"]
[EventDate "2018.??.??"]
[TimeControl "240+41"]
[BlackClock "0:01:08"]

1. d4 Nf6 2. c4 b6 3. Nc3 Bb7 4. Qc2 d5 5. cxd5 Nxd5 6. e4 Nxc3 7. bxc3 e5 8.
d5 Bc5 9. Nf3 Nd7 10. Bd3 O-O 11. O-O Qe7 12. c4 c6 13. Re1 Rac8 14. Bb2 f6 15.
Qe2 Qf7 16. Rac1 Qh5 17. Nd2 Qxe2 18. Bxe2 Bd4 19. Bxd4 exd4 20. Bg4 Rcd8 21.
Be6+ Kh8 22. Nb3 c5 23. f4 Rfe8 24. Rcd1 Nf8 25. Bg4 Ng6 26. g3 a5 27. Nc1 Ba6
28. Bh5 Bxc4 29. f5 Ne5 30. Bxe8 Rxe8 31. Kf2 b5 32. Rd2 a4 33. Rb2 0-1

[Event "Blitz 2018"]
[Site "Saint-Petersburg"]
[Date "2018.12.30"]
[Round "17.30"]
[White "Skripchenko Almira (FRA)"]
[Black "Maletina Tatiana (RUS)"]
[Result "0-1"]
[ECO "C01"]
[WhiteElo "2396"]
[BlackElo "2248"]
[PlyCount "58"]
[EventDate "2018.??.??"]
[TimeControl "240+50"]
[WhiteClock "0:01:01"]
[BlackClock "0:00:11"]

1. e4 e6 2. d4 d5 3. exd5 exd5 4. Nf3 Nc6 5. Bd3 Bg4 6. c3 Bd6 7. O-O Nge7 8.
Re1 Qd7 9. Nbd2 O-O-O 10. b4 Ng6 11. Bb5 h5 12. a4 h4 13. a5 a6 14. Bf1 Na7 15.
Nb3 Nb5 16. Bd2 h3 17. g3 Rh5 18. Re3 Rf5 19. Be2 Re8 20. Ne5 Bxe2 21. Nxd7
Bxd1 22. Rxe8+ Kxd7 23. Rg8 Bxb3 24. Rxg7 Be7 25. Rh7 Nd6 26. Be3 Ne4 27. Rc1
Bg5 28. Bxg5 Nxg5 29. f4 Nxh7 0-1

[Event "Blitz 2018"]
[Site "Saint-Petersburg"]
[Date "2018.12.30"]
[Round "17.31"]
[White "Savina Anastasia (RUS)"]
[Black "Vo Thi Kim Phung (VIE)"]
[Result "0-1"]
[ECO "A12"]
[WhiteElo "2240"]
[BlackElo "2320"]
[PlyCount "152"]
[EventDate "2018.??.??"]
[TimeControl "240+38"]
[WhiteClock "0:00:04"]
[BlackClock "0:00:07"]

1. Nf3 d5 2. c4 c6 3. b3 Nf6 4. Bb2 Bf5 5. g3 e6 6. Bg2 h6 7. d3 Nbd7 8. Nbd2
Be7 9. O-O O-O 10. Qe1 Bh7 11. Ne5 Nxe5 12. Bxe5 Nd7 13. Bb2 Bf6 14. Bxf6 Qxf6
15. Qc1 Rac8 16. Qa3 a6 17. Rac1 Rfd8 18. Qb4 Rb8 19. Qa5 Bg6 20. Rc2 Bh5 21.
Nb1 Ne5 22. Nc3 Bg6 23. Rcc1 Bh5 24. Rc2 Bg6 25. Rcc1 h5 26. Na4 h4 27. cxd5
exd5 28. Qd2 hxg3 29. hxg3 Nd7 30. Nc5 Nxc5 31. Rxc5 Re8 32. Rfc1 Re7 33. Bf3
Rbe8 34. Kg2 Bf5 35. Rh1 Qg6 36. b4 Bg4 37. Qf4 Bxf3+ 38. Qxf3 Rxe2 39. Rcc1
Rd2 40. Rcd1 Rxa2 41. Rh4 Ree2 42. Rdh1 Rxf2+ 43. Qxf2 Rxf2+ 44. Kxf2 f6 45.
Rh8+ Kf7 46. Rb8 Qxd3 47. Rxb7+ Kg6 48. Rh4 f5 49. Rc7 Qc2+ 50. Kf3 Kf6 51. Rh8
g6 52. Rf8+ Ke5 53. Rfc8 Qe4+ 54. Kf2 Qxb4 55. Rxc6 a5 56. Rxg6 Qd2+ 57. Kf3
Qd3+ 58. Kf2 Qd4+ 59. Kf3 Qe4+ 60. Kf2 Qd4+ 61. Kf3 Qd1+ 62. Kf2 Kd4 63. Rd6
Qd2+ 64. Kf3 Qe3+ 65. Kg2 a4 66. Rcd8 Qe4+ 67. Kf2 a3 68. Ra8 Qc2+ 69. Kf3 Qb3+
70. Kg2 Qb2+ 71. Kh3 Kc5 72. Rda6 Qb1 73. Kg2 Qb2+ 74. Kh3 Qb1 75. Kh4 Qd1 76.
Kh3 Qh1# 0-1

[Event "Blitz 2018"]
[Site "Saint-Petersburg"]
[Date "2018.12.30"]
[Round "17.32"]
[White "Mirzoeva Elmira (RUS)"]
[Black "Maltsevskaya Aleksandra (RUS)"]
[Result "0-1"]
[ECO "A45"]
[WhiteElo "2295"]
[BlackElo "2236"]
[PlyCount "80"]
[EventDate "2018.??.??"]
[TimeControl "240+86"]
[WhiteClock "0:00:03"]
[BlackClock "0:00:11"]

1. d4 Nf6 2. Bf4 g6 3. e3 Bg7 4. Nf3 d6 5. h3 O-O 6. Be2 Nbd7 7. O-O b6 8. c4
Bb7 9. Nc3 c5 10. d5 a6 11. e4 b5 12. cxb5 axb5 13. Bxb5 Qa5 14. a4 Ba6 15. Re1
Nb6 16. e5 dxe5 17. Nxe5 Bxb5 18. Nxb5 Nbxd5 19. Bd2 Qa6 20. Nc7 Nxc7 21. Bc3
Ncd5 22. a5 Nxc3 23. bxc3 Rfd8 24. Qb3 e6 25. Reb1 Nd7 26. Nc4 Rab8 27. Nb6
Nxb6 28. axb6 Qb7 29. Ra7 Qd5 30. c4 Qe4 31. b7 Bd4 32. Qa2 h5 33. Rb3 Kg7 34.
Rb1 h4 35. Rb3 Qf4 36. Rb1 Qe4 37. Rb3 Be5 38. Rb1 Qf4 39. Kf1 Rd2 40. Ra8
Qxf2# {Ke1} 0-1

[Event "Blitz 2018"]
[Site "Saint-Petersburg"]
[Date "2018.12.30"]
[Round "17.33"]
[White "Bivol Alina (RUS)"]
[Black "Garcia Martin Marta (ESP)"]
[Result "1-0"]
[ECO "A00"]
[WhiteElo "2285"]
[BlackElo "2134"]
[PlyCount "101"]
[EventDate "2018.??.??"]
[TimeControl "240+28"]
[WhiteClock "0:00:13"]
[BlackClock "0:00:09"]

1. g3 Nf6 2. Nf3 b6 3. Bg2 Bb7 4. O-O g6 5. d4 Bg7 6. c4 O-O 7. d5 Qe8 8. Nc3
e5 9. e4 d6 10. a3 a5 11. Rb1 Ba6 12. Nd2 c5 13. dxc6 Nxc6 14. Nd5 Nxd5 15.
exd5 Nd4 16. b3 b5 17. Ne4 Qd8 18. c5 b4 19. Re1 dxc5 20. Nxc5 Qd6 21. Ne4 Qb6
22. axb4 axb4 23. Be3 Rfd8 24. Rc1 Bb7 25. d6 f5 26. Nc5 Bxg2 27. Kxg2 Qxd6 28.
Bxd4 Qxd4 29. Qf3 Qd5 30. Qxd5+ Rxd5 31. Ne6 Ra7 32. Rc8+ Kf7 33. Ng5+ Ke7 34.
Nxh7 Bh6 35. h4 Ke6 36. Rc6+ Rd6 37. Rxd6+ Kxd6 38. Ng5 Bxg5 39. hxg5 Ra3 40.
Re3 Kd5 41. Rd3+ Ke4 42. Rd6 Rxb3 43. Rxg6 f4 44. Rb6 f3+ 45. Kh3 Kf5 46. Kh4
Rb1 47. Rf6+ Ke4 48. g6 Ra1 49. g7 Ra8 50. Rf8 Ra6 51. g8=Q {Kd5} 1-0

[Event "Blitz 2018"]
[Site "Saint-Petersburg"]
[Date "2018.12.30"]
[Round "17.35"]
[White "Lysenko Margarita (RUS)"]
[Black "Michna Marta (GER)"]
[Result "1-0"]
[ECO "A10"]
[WhiteElo "2205"]
[BlackElo "2433"]
[PlyCount "117"]
[EventDate "2018.??.??"]
[TimeControl "240+35"]
[WhiteClock "0:00:04"]
[BlackClock "0:00:09"]

1. c4 g6 2. Nf3 Bg7 3. g3 d6 4. Bg2 Nf6 5. O-O O-O 6. Nc3 e5 7. d3 a5 8. Bg5 h6
9. Bd2 c6 10. a3 Re8 11. Rb1 d5 12. cxd5 cxd5 13. d4 e4 14. Ne5 Bf5 15. Rc1 Qb6
16. e3 Qxb2 17. Rb1 Qxa3 18. Rxb7 Be6 19. Qb1 Qf8 20. Nb5 Na6 21. Bxa5 Reb8 22.
Nc7 Nxc7 23. Bxc7 Rxb7 24. Qxb7 Qc8 25. Qxc8+ Rxc8 26. Bb6 Ng4 27. Nxg4 Bxg4
28. Bc5 Ra8 29. Rb1 h5 30. Bd6 Bf6 31. Rb8+ Rxb8 32. Bxb8 h4 33. h3 Be2 34. g4
Be7 35. Bf4 Kf8 36. Bh6+ Ke8 37. Bf4 Kd7 38. f3 exf3 39. Bf1 Bd1 40. Kf2 g5 41.
Be5 f6 42. Bb8 Kc8 43. Bh2 Kd7 44. Bd3 Ke6 45. Bf5+ Kf7 46. Bb1 Bb4 47. Bf5 Ke7
48. Bc8 Bd6 49. Bxd6+ Kxd6 50. Bf5 Kc6 51. Be6 Be2 52. Bf7 Kd6 53. Bg8 Bd3 54.
Bf7 Be4 55. Be8 Ke7 56. Ba4 f5 57. Bd1 fxg4 58. hxg4 h3 59. Bxf3 1-0

[Event "Blitz 2018"]
[Site "Saint-Petersburg"]
[Date "2018.12.30"]
[Round "17.36"]
[White "Zhukova Natalia (UKR)"]
[Black "Bezgodova Svetlana (RUS)"]
[Result "1-0"]
[ECO "A16"]
[WhiteElo "2369"]
[BlackElo "2184"]
[PlyCount "89"]
[EventDate "2018.??.??"]
[TimeControl "240+54"]
[WhiteClock "0:00:09"]
[BlackClock "0:00:11"]

1. c4 Nf6 2. Nc3 d6 3. d4 Nbd7 4. e4 e5 5. Nf3 c6 6. Be2 Be7 7. O-O O-O 8. h3
a6 9. Be3 Re8 10. a4 a5 11. Qc2 exd4 12. Nxd4 Nc5 13. Rad1 Qb6 14. Bf4 Bf8 15.
Bf3 g6 16. Nde2 Qc7 17. Rd2 Be6 18. b3 Rad8 19. Rfd1 Bc8 20. g4 Qb6 21. Nc1 Re6
22. Bg2 Rde8 23. Kh1 Nfxe4 24. Nxe4 Nxe4 25. Re2 Nc5 26. Rxe6 Rxe6 27. Qc3 Na6
28. Qg3 Qc7 29. Nd3 Qe7 30. Bd2 Qc7 31. Nf4 Re8 32. Bc3 Bg7 33. Bxg7 Kxg7 34.
h4 Nb4 35. h5 Qe7 36. g5 Bf5 37. h6+ Kg8 38. Qc3 Qe5 39. Qd2 Be4 40. Re1 Bxg2+
41. Nxg2 d5 42. Rxe5 Rxe5 43. Qd4 f6 44. Qb6 fxg5 45. Qc7 1-0

[Event "Blitz 2018"]
[Site "Saint-Petersburg"]
[Date "2018.12.30"]
[Round "17.37"]
[White "Voit Daria (RUS)"]
[Black "Badelka Olga (BLR)"]
[Result "1/2-1/2"]
[ECO "B40"]
[WhiteElo "2334"]
[BlackElo "2181"]
[PlyCount "78"]
[EventDate "2018.??.??"]
[TimeControl "240+43"]
[WhiteClock "0:00:37"]
[BlackClock "0:00:25"]

1. Nf3 c5 2. e4 e6 3. b3 b6 4. d4 cxd4 5. Nxd4 Bb7 6. Bd3 Nc6 7. Bb2 Nf6 8. Nd2
Bc5 9. N4f3 Nb4 10. O-O Nxd3 11. cxd3 Rc8 12. d4 Be7 13. Re1 d5 14. e5 Nd7 15.
Rc1 O-O 16. Qe2 Nb8 17. Rxc8 Qxc8 18. Rc1 Qd7 19. Ne1 Ba6 20. Qe3 Rc8 21. Rxc8+
Qxc8 22. Qc3 Qxc3 23. Bxc3 Nc6 24. f4 f6 25. Kf2 fxe5 26. fxe5 Bg5 27. Nef3 Bh6
28. g3 Kf7 29. h4 Ke7 30. Nf1 Bxf1 31. Kxf1 Bc1 32. Ke2 h6 33. Kd3 Kd7 34. g4
Ba3 35. h5 Bc1 36. Kc2 Bf4 37. Kd3 Bc1 38. Kc2 Bf4 39. Kd3 Bc1 1/2-1/2

[Event "Blitz 2018"]
[Site "Saint-Petersburg"]
[Date "2018.12.30"]
[Round "17.38"]
[White "Injac Teodora (SRB)"]
[Black "Arutyunova Diana (UKR)"]
[Result "1-0"]
[ECO "A04"]
[WhiteElo "2177"]
[BlackElo "2307"]
[PlyCount "81"]
[EventDate "2018.??.??"]
[TimeControl "240+58"]
[WhiteClock "0:00:20"]
[BlackClock "0:00:18"]

1. Nf3 e6 2. g3 f5 3. Bg2 Nf6 4. O-O Be7 5. b3 O-O 6. Bb2 d6 7. d4 Qe8 8. Nbd2
Qh5 9. e3 Ng4 10. h3 Nh6 11. Ne1 Qg6 12. Nd3 Nf7 13. Qe2 Nd7 14. e4 Nf6 15.
exf5 exf5 16. Nf4 Qh6 17. Qxe7 Bd7 18. Qe3 Rae8 19. Qd3 c6 20. Rae1 g5 21. Ne2
f4 22. g4 d5 23. Ba3 Bxg4 24. Bxf8 Qxf8 25. hxg4 Nxg4 26. Qh3 Nf6 27. Qf5 Qh6
28. Nc3 Rf8 29. Re6 Nd8 30. Rxf6 Rxf6 31. Qg4 Nf7 32. Re1 Nd6 33. Re5 Rg6 34.
Nf3 Nf7 35. Re8+ Kg7 36. Ne5 Rf6 37. Nxf7 Rxf7 38. Re5 Qf6 39. Qxg5+ Qxg5 40.
Rxg5+ Kf6 41. Re5 1-0

[Event "Blitz 2018"]
[Site "Saint-Petersburg"]
[Date "2018.12.30"]
[Round "17.39"]
[White "Gritsayeva Oksana (RUS)"]
[Black "Murashova Ekaterina (RUS)"]
[Result "1/2-1/2"]
[ECO "B40"]
[WhiteElo "2145"]
[BlackElo "2304"]
[PlyCount "76"]
[EventDate "2018.??.??"]
[TimeControl "240+36"]
[WhiteClock "0:00:15"]
[BlackClock "0:00:17"]

1. e4 c5 2. Nf3 e6 3. b3 d6 4. Bb2 Nf6 5. Bb5+ Bd7 6. Bxd7+ Nbxd7 7. Qe2 Be7 8.
O-O O-O 9. d3 Qc7 10. Nbd2 Rfe8 11. e5 dxe5 12. Nxe5 Nxe5 13. Bxe5 Qc6 14. Rad1
Rad8 15. Ne4 Nxe4 16. dxe4 b5 17. c4 a6 18. h3 Bf8 19. Bc3 g6 20. f4 Bg7 21.
Bxg7 Kxg7 22. f5 exf5 23. Rxd8 Rxd8 24. exf5 Rd6 25. Qe5+ Rf6 26. fxg6 hxg6 27.
Rxf6 Qxf6 28. Qxc5 Qa1+ 29. Kh2 bxc4 30. Qxc4 Qxa2 31. Qd4+ Kh7 32. b4 Qb3 33.
Qb6 Kg7 34. Qd4+ Kh7 35. Qf6 Qc4 36. Qd6 Kg7 37. Qe5+ Kh7 38. Qd6 Kg7 1/2-1/2

[Event "Blitz 2018"]
[Site "Saint-Petersburg"]
[Date "2018.12.30"]
[Round "17.40"]
[White "Paramzina Anastasya (RUS)"]
[Black "Shvayger Yuliya (ISR)"]
[Result "0-1"]
[ECO "B31"]
[WhiteElo "2126"]
[BlackElo "2296"]
[PlyCount "80"]
[EventDate "2018.??.??"]
[TimeControl "240+54"]
[WhiteClock "0:00:21"]
[BlackClock "0:00:45"]

1. e4 c5 2. Nf3 Nc6 3. Bb5 g6 4. Bxc6 bxc6 5. O-O Bg7 6. Re1 Nh6 7. c3 O-O 8.
d4 cxd4 9. cxd4 d5 10. e5 f6 11. e6 Qd6 12. Qe2 c5 13. dxc5 Qxc5 14. Nc3 Nf5
15. Bf4 a5 16. Rac1 Ra6 17. Na4 Qa7 18. Rc7 Qa8 19. Nc5 Rc6 20. Qb5 Rxc7 21.
Bxc7 d4 22. Qxa5 Qd5 23. Nd7 Qxa5 24. Bxa5 Re8 25. g4 Bb7 26. Nd2 Nd6 27. Rc1
f5 28. g5 Bd5 29. a4 Bxe6 30. Nc5 Bd5 31. b4 h6 32. gxh6 Bxh6 33. b5 Ne4 34.
Rd1 Nxc5 35. Bb4 Nxa4 36. Nf1 e5 37. Ra1 Nb6 38. Ra6 Re6 39. Bc5 Nd7 40. b6
Nxc5 0-1

[Event "Blitz 2018"]
[Site "Saint-Petersburg"]
[Date "2018.12.30"]
[Round "17.41"]
[White "Afonasieva Anna (RUS)"]
[Black "Sudakova Irina (RUS)"]
[Result "1/2-1/2"]
[ECO "D31"]
[WhiteElo "1954"]
[BlackElo "2249"]
[PlyCount "115"]
[EventDate "2018.??.??"]
[TimeControl "240+33"]
[WhiteClock "0:00:41"]
[BlackClock "0:01:10"]

1. d4 d5 2. Nf3 e6 3. c4 c6 4. Nc3 dxc4 5. a4 Bb4 6. e3 b5 7. Be2 Nf6 8. O-O
O-O 9. Bd2 a5 10. axb5 Bxc3 11. Bxc3 cxb5 12. b3 Ne4 13. Qc2 Nxc3 14. Qxc3 b4
15. Qxc4 Ba6 16. Qc2 Bxe2 17. Qxe2 Qd5 18. Qd3 Nd7 19. Rfc1 Rfc8 20. e4 Qb7 21.
h3 h6 22. Nd2 Rxc1+ 23. Rxc1 Rc8 24. Ra1 Rc3 25. Qe2 Qc7 26. Nc4 Rxb3 27. Nxa5
Ra3 28. Rxa3 bxa3 29. Nb3 Qc3 30. Qa2 Qb2 31. Qxb2 axb2 32. Nd2 Nb6 33. Nb1 f6
34. Kf1 Nc8 35. Ke2 Nd6 36. f3 e5 37. d5 f5 38. Kd3 fxe4+ 39. fxe4 Kf7 40. Nd2
Kf6 41. Kc2 Kg5 42. g3 h5 43. Kxb2 h4 44. Nf3+ Kf6 45. gxh4 Nxe4 46. Kb3 Nf2
47. Ng5 e4 48. Kc4 Ke5 49. Kc5 Nd3+ 50. Kc4 Nf4 51. d6 Kxd6 52. Nxe4+ Ke5 53.
Nf2 Ng6 54. Kd3 Kf4 55. h5 Ne5+ 56. Ke2 Kg5 57. Ke3 Kxh5 58. Kf4 1/2-1/2

[Event "Blitz 2018"]
[Site "Saint-Petersburg"]
[Date "2018.12.30"]
[Round "17.42"]
[White "Vasilevich Irina (RUS)"]
[Black "Ovod Evgenija (RUS)"]
[Result "0-1"]
[ECO "A13"]
[WhiteElo "2207"]
[BlackElo "2087"]
[PlyCount "60"]
[EventDate "2018.??.??"]
[TimeControl "240+36"]
[WhiteClock "0:00:07"]
[BlackClock "0:00:36"]

1. c4 e6 2. Nc3 d5 3. e3 Nf6 4. Nf3 c5 5. cxd5 exd5 6. Bb5+ Bd7 7. Bxd7+ Qxd7
8. d4 Nc6 9. O-O c4 10. b3 Bb4 11. Qc2 cxb3 12. axb3 O-O 13. Na4 b6 14. Ba3
Rac8 15. Qe2 Ne4 16. Ne5 Qe7 17. Qb5 Bxa3 18. Nxc6 Qd6 19. Ne5 Rc2 20. Qd7 Nd2
21. Qxd6 Bxd6 22. Rfc1 Rfc8 23. Rxc2 Rxc2 24. f4 Nxb3 25. Re1 b5 26. Nc5 Nxc5
27. dxc5 Bxc5 28. Nd7 Rc1 29. Rxc1 Bxe3+ 30. Kf1 Bxc1 0-1

[Event "Blitz 2018"]
[Site "Saint-Petersburg"]
[Date "2018.12.30"]
[Round "17.44"]
[White "Gevorgyan Maria (ARM)"]
[Black "Goltseva Ekaterina (RUS)"]
[Result "0-1"]
[ECO "C55"]
[WhiteElo "2283"]
[BlackElo "2097"]
[PlyCount "100"]
[EventDate "2018.??.??"]
[TimeControl "240+63"]
[WhiteClock "0:00:11"]
[BlackClock "0:00:20"]

1. e4 e5 2. Nf3 Nc6 3. Bc4 Nf6 4. d3 Be7 5. c3 O-O 6. Bb3 d6 7. h3 Na5 8. Bc2
c5 9. d4 cxd4 10. cxd4 Nc6 11. d5 Nb4 12. Nc3 Nxc2+ 13. Qxc2 Bd7 14. O-O Rc8
15. Be3 a6 16. Qb3 Qc7 17. Rac1 Qb8 18. Nd2 b5 19. a3 Nh5 20. Qd1 g6 21. Bh6
Rfe8 22. g4 Nf4 23. Bxf4 exf4 24. Qf3 g5 25. h4 h6 26. hxg5 hxg5 27. Kg2 Kg7
28. Rh1 Rh8 29. Nb3 Bf6 30. Ne2 Rxc1 31. Rxc1 Rh4 32. Ned4 Rxg4+ 33. Kf1 Qh8
34. Nf5+ Bxf5 35. exf5 Rh4 36. Ke2 Bxb2 37. Rc2 Bf6 38. Nd2 Be5 39. Rc7 g4 40.
Qd3 f3+ 41. Kd1 Qh6 42. Ne4 Rh1+ 43. Kc2 Rc1+ 44. Kb3 Rxc7 45. f6+ Bxf6 46. Kb4
Qf4 47. Ka5 Rc4 48. Ng3 Ra4+ 49. Kb6 Qd4+ 50. Qxd4 Bxd4+ {Nf5+ [%clk 0:00:12]}
0-1

[Event "Blitz 2018"]
[Site "Saint-Petersburg"]
[Date "2018.12.30"]
[Round "17.45"]
[White "Lelekova Olga (RUS)"]
[Black "Kabanova Ekaterina (RUS)"]
[Result "0-1"]
[ECO "B85"]
[WhiteElo "2261"]
[BlackElo "2060"]
[PlyCount "50"]
[EventDate "2018.??.??"]
[TimeControl "240+35"]
[WhiteClock "0:00:54"]
[BlackClock "0:01:58"]

1. e4 c5 2. Nf3 e6 3. d4 cxd4 4. Nxd4 a6 5. Be2 Qc7 6. O-O Nf6 7. Nc3 d6 8. Kh1
Nbd7 9. a3 b5 10. f4 Bb7 11. Bf3 Be7 12. Qe2 g6 13. f5 gxf5 14. exf5 e5 15. Nb3
Rg8 16. Bd2 Rc8 17. Rad1 h5 18. Be1 Nb6 19. Bh4 Nbd7 20. Rd2 Bxf3 21. Qxf3 Rg4
22. Be1 Nb6 23. Na5 Nc4 24. Nxc4 Qxc4 25. Qb7 Qxf1# 0-1

[Event "Blitz 2018"]
[Site "Saint-Petersburg"]
[Date "2018.12.30"]
[Round "17.46"]
[White "Solozhenkina Elizaveta (RUS)"]
[Black "Shaydullina Sandugach (RUS)"]
[Result "1-0"]
[ECO "A04"]
[WhiteElo "2148"]
[BlackElo "2057"]
[PlyCount "82"]
[EventDate "2018.??.??"]
[TimeControl "240+24"]
[WhiteClock "0:00:08"]

1. Nf3 f5 2. d3 Nc6 3. e4 e5 4. Nc3 Bb4 5. a3 Bxc3+ 6. bxc3 Nf6 7. exf5 d5 8.
d4 e4 9. Ne5 O-O 10. Bb5 Ne7 11. O-O Bxf5 12. a4 a6 13. Be2 c5 14. Ba3 c4 15.
a5 Nd7 16. Qb1 Nxe5 17. dxe5 Qd7 18. Rd1 Rfd8 19. Bxc4 Be6 20. Be2 Ng6 21. Bd6
Rac8 22. Qb4 Nf4 23. Bf1 Qf7 24. Rab1 Qg6 25. Kh1 Rd7 26. Qd4 Rf7 27. Qe3 h5
28. Rd4 h4 29. h3 Kh7 30. Rdb4 Qh5 31. Re1 g5 32. Be2 g4 33. hxg4 Bxg4 34. Bxg4
Qxg4 35. Rg1 Rg8 36. e6 Rfg7 37. Bxf4 Qxe6 38. Rb6 Rxg2 39. Rxe6 Rxg1+ 40. Kh2
R8g2+ 41. Kh3 Rg8 1-0